Map: Nightshade LE

Players

AGiantSmurf - Winner!

  • Race: Protoss Protoss
  • League: Master
  • Spawn Location: 5:00

Taldan

  • Race: Protoss Protoss
  • Spawn Location: 11:00

Event: Cheeseadelphia XI, Cheeseadelphia XI

VOD

Have the link to the VOD?

Description

Time

  • Played on: Dec. 14, 2019, 10:23 a.m.
  • Length: 7:49

All games in this series

Show
View Real Time Build Order
Export as new Build Order

AGiantSmurf Protoss - Winner!

Build Orders:  

Get SALT Encoding   

  12  0:00  Probe  
  13  0:12  Probe  
  14  0:17  Pylon  
  14  0:25  Probe (Chrono Boost)  
  15  0:37  Probe (Chrono Boost)  
  15  0:38  Gateway  
  16  0:44  Probe (Chrono Boost)  
  16  0:46  Assimilator  
  17  0:51  Probe  
  18  1:02  Pylon  
  18  1:24  Zealot (Chrono Boost)  
  18  1:59  Cybernetics Core  
  18  2:04  Probe (Chrono Boost)  
  20  2:16  Probe (Chrono Boost), Assimilator  
  20  2:24  Probe (Chrono Boost)  
  20  2:27  Gateway  
  21  2:30  Probe  
  21  2:35  Warp Gate  
  22  2:42  Probe  
  23  2:54  Probe  
  24  3:03  Robotics Facility  
  24  3:06  Probe  
  25  3:15  Adept x2  
  25  3:18  Probe  
  30  3:20  Pylon  
  30  3:33  Probe  
  31  3:42  Pylon, Shield Battery  
  30  3:52  Immortal (Chrono Boost)  
  33  4:01  Probe  
  34  4:03  Sentry  
  36  4:12  Stalker  
  36  4:14  Probe  
  37  4:26  Immortal (Chrono Boost)  
  41  4:38  Robotics Bay  
  39  4:56  Pylon  
  39  4:59  Warp Prism (Chrono Boost)  
  41  5:22  Nexus  
  42  5:41  Observer (Chrono Boost)  
  39  5:58  Probe  
  43  6:13  Pylon  
  43  6:18  Gravitic Drive  
  43  6:19  Probe  
  43  6:25  Zealot  
  46  6:27  Disruptor (Chrono Boost)  
  46  6:39  Zealot  
  46  6:47  Zealot  
  46  7:05  Stalker  
  48  7:18  Stalker  
  50  7:27  Probe  
  51  7:31  Adept  
  51  7:36  Gateway  
  51  7:37  Pylon, Gateway  
  59  7:40  Gateway  
Show
View Real Time Build Order
Export as new Build Order

Taldan Protoss 

Build Orders:  

Get SALT Encoding   

  12  0:00  Probe  
  13  0:12  Probe  
  14  0:17  Pylon  
  14  0:24  Probe  
  15  0:37  Forge  
  15  0:38  Probe  
  16  0:51  Pylon  
  16  1:05  Pylon  
  16  1:06  Pylon  
  16  1:15  Photon Cannon  
  16  1:23  Pylon  
  15  1:49  Probe (Chrono Boost), Gateway  
  15  1:52  Assimilator x2  
  15  1:58  Probe (Chrono Boost)  
  16  2:04  Pylon, Probe (Chrono Boost)  
  18  2:17  Probe (Chrono Boost), Photon Cannon  
  18  2:22  Probe (Chrono Boost)  
  19  2:31  Probe (Chrono Boost)  
  19  2:36  Cybernetics Core  
  20  2:43  Probe (Chrono Boost)  
  21  2:50  Probe (Chrono Boost)  
  24  3:04  Probe, Gateway  
  23  3:13  Twilight Council  
  23  3:16  Adept (Chrono Boost), Probe  
  29  3:20  Warp Gate (Chrono Boost)  
  26  3:44  Probe, Assimilator  
  26  3:45  Stalker  
  29  4:02  Dark Shrine  
  29  4:06  Probe  
  30  4:11  Gateway  
  30  4:18  Probe  
  28  4:56  Gateway  
  28  4:57  Pylon  
  28  5:00  Pylon  
  28  5:14  Dark Templar  
  28  5:15  Dark Templar  
  32  5:28  Zealot  
  32  5:34  Gateway  
  34  5:37  Gateway  
  34  5:56  Zealot x4  
  40  6:20  Zealot x3  
  40  6:23  Pylon  
  40  6:25  Pylon  
  46  6:39  Zealot x2  
  42  6:51  Zealot x4  
  40  7:06  Zealot x2  
  36  7:16  Zealot x2  
  38  7:26  Zealot x2  
Tags
 
Add a new tag
Caveats
  • Supply blocks, unpowered buildings, or Contaminate may cause inaccurate times.
  • Supply counts are checked every 10 seconds.